Map: Eastwatch LE

Players

Pain - Winner!

  • Race: Protoss Protoss
  • Spawn Location: 1:00

A.I. 1 (Medium)

  • Race: Protoss Protoss
  • Spawn Location: 7:00

VOD

Have the link to the VOD?

Description

Time

  • Played on: March 19, 2018, 12:53 a.m.
  • Length: 12:51
Show
View Real Time Build Order
Export as new Build Order

Pain Protoss - Winner!

Build Orders:  

Get SALT Encoding   

  12  0:02  Probe  
  13  0:20  Probe  
  14  0:25  Pylon  
  14  0:31  Assimilator  
  14  0:33  Probe  
  15  0:45  Probe  
  16  0:52  Gateway  
  16  0:58  Probe  
  17  1:10  Probe  
  18  1:11  Pylon  
  18  1:17  Assimilator  
  18  1:32  Probe  
  19  1:34  Pylon  
  19  1:44  Probe  
  20  1:56  Cybernetics Core  
  20  1:59  Probe  
  21  2:11  Probe  
  22  2:23  Probe  
  22  2:31  Warp Gate (Chrono Boost)  
  22  2:35  Probe  
  23  2:48  Nexus  
  23  2:57  Gateway  
  23  3:00  Gateway  
  23  3:07  Pylon  
  23  3:12  Pylon  
  23  3:14  Stalker  
  25  3:37  Probe  
  26  3:47  Stalker  
  28  3:49  Probe  
  28  3:50  Stalker  
  31  4:01  Probe, Pylon  
  32  4:13  Probe  
  32  4:15  Forge  
  32  4:16  Probe  
  34  4:25  Probe  
  34  4:28  Probe  
  36  4:40  Probe, Assimilator  
  37  4:49  Protoss Ground Weapons Level 1  
  37  4:53  Probe  
  37  4:56  Pylon  
  38  5:00  Photon Cannon  
  38  5:05  Probe  
  39  5:16  Gateway  
  39  5:17  Probe, Gateway  
  40  5:26  Pylon  
  40  5:29  Probe  
  41  5:41  Probe  
  42  5:57  Stargate  
  42  6:02  Twilight Council  
  42  6:07  Stalker x3  
  48  6:25  Probe  
  49  6:27  Probe  
  50  6:36  Pylon  
  50  6:37  Probe  
  50  6:39  Probe  
  52  6:41  Blink  
  52  6:43  Protoss Ground Armor Level 1  
  52  6:49  Probe  
  52  7:01  Probe  
  46  7:29  Stalker  
  44  7:30  Stalker x4  
  52  7:45  Assimilator  
  52  7:57  Oracle  
  55  8:14  Robotics Facility  
  55  8:16  Robotics Facility  
  55  8:22  Gateway  
  55  8:26  Gateway  
  53  8:33  Stalker x2  
  53  8:34  Void Ray, Stalker x3  
  63  8:46  Protoss Ground Weapons Level 2  
  61  8:51  Charge  
  61  8:59  Probe  
  62  9:11  Probe  
  62  9:12  Gateway  
  63  9:17  Void Ray  
  63  9:21  Warp Prism  
  69  9:41  Stalker  
  69  9:42  Stalker x2  
  69  9:44  Stalker x2  
  79  9:57  Immortal  
  83  10:00  Oracle  
  83  10:06  Stalker x3  
  92  10:07  Stalker  
  85  10:37  Void Ray, Immortal  
  91  10:52  Stalker x4  
  91  10:53  Stalker  
  101  11:20  Pylon  
  101  11:23  Pylon  
  99  11:26  Pylon  
  99  11:28  Immortal  
  99  11:29  Pylon  
  99  11:33  Pylon  
  99  11:38  Void Ray  
  103  11:56  Stalker x4  
  103  11:57  Stalker x2  
  115  12:07  Immortal  
  119  12:35  Stalker  
  119  12:36  Stalker x5  
Show
View Real Time Build Order
Export as new Build Order

A.I. 1 (Medium) Protoss 

Build Orders:  

Get SALT Encoding   

  12  0:00  Probe  
  13  0:13  Probe  
  14  0:19  Pylon  
  14  0:25  Probe  
  15  0:34  Probe  
  15  0:41  Gateway  
  15  0:42  Probe  
  16  0:47  Assimilator  
  17  0:51  Probe  
  18  1:00  Pylon  
  18  1:29  Gateway  
  18  1:31  Cybernetics Core  
  18  1:33  Assimilator  
  18  1:39  Zealot  
  20  1:58  Zealot  
  22  2:09  Pylon  
  22  2:10  Warp Gate  
  22  2:23  Stalker  
  24  2:43  Stalker  
  26  3:00  Pylon  
  26  3:02  Probe  
  26  3:04  Stalker  
  29  3:10  Probe  
  29  3:18  Probe  
  30  3:25  Adept  
  33  3:30  Probe  
  33  3:32  Forge  
  34  3:43  Probe, Stalker  
  37  3:55  Probe  
  38  4:12  Stalker  
  40  6:48  Probe, Stalker  
  40  6:50  Photon Cannon  
  40  6:52  Photon Cannon  
  40  6:53  Pylon  
  43  6:56  Robotics Facility  
  43  6:59  Stargate  
  41  7:02  Sentry  
  41  7:03  Twilight Council  
  41  7:09  Forge  
  41  7:11  Gateway  
  41  7:13  Nexus  
  41  7:16  Pylon  
  41  7:17  Adept  
  41  7:31  Zealot  
  43  7:44  Observer  
  44  7:45  Zealot  
  46  8:00  Adept  
  46  8:03  Observer  
  49  8:24  Probe  
  49  8:25  Probe  
  49  8:26  Stalker  
  50  8:33  Probe  
  49  8:35  Pylon  
  49  8:37  Probe, Pylon  
  49  8:39  Assimilator  
  49  8:40  Assimilator, Stalker  
  49  8:42  Probe  
  48  8:49  Probe  
  48  8:53  Observer  
  48  8:54  Probe, Stalker  
  52  8:59  Photon Cannon  
  52  9:01  Probe  
  52  9:02  Photon Cannon  
  53  9:06  Probe, Photon Cannon  
  53  9:09  Stalker  
  56  9:13  Probe  
  57  9:18  Probe  
  57  9:22  Probe  
  57  9:23  Stalker  
  60  9:30  Probe x2  
  63  9:41  Probe  
  63  9:42  Probe  
  65  9:53  Probe  
  65  9:54  Probe  
  67  10:05  Probe  
  67  10:06  Probe  
  69  10:17  Probe  
  70  10:24  Stalker  
  66  10:31  Observer  
  62  10:39  Zealot  
  50  10:53  Zealot  
  52  11:07  Adept  
  54  11:22  Adept  
  54  11:35  Sentry  
  54  11:36  Gateway, Warp Prism  
  54  11:37  Robotics Facility  
  51  11:41  Pylon  
  51  11:42  Void Ray  
  51  11:44  Stargate  
  48  11:51  Stalker  
  44  11:59  Stalker  
  46  12:08  Stalker  
  48  12:09  Pylon  
  48  12:12  Warp Prism  
  48  12:15  Stalker  
  52  12:22  Stalker  
  48  12:28  Gateway  
  35  12:37  Stalker  
  31  12:45  Zealot  
Tags
 
Matchup
PvP
Replay Pack
RP
Spawn Locations
Cross Positions
Add a new tag
Caveats
  • Supply blocks, unpowered buildings, or Contaminate may cause inaccurate times.
  • Supply counts are checked every 10 seconds.